Construct Section Command Post
Construct Platoon Command Post
Selects Air and Sea Battlegroup
Selects Commando Section Paradrop
Commando Section Paradrop
Construct Company Command Post
Selects M1 Pack Howitzer Paradrop
M1 Pack Howitzer Paradrop
6-pounder Anti-tank Gun Team
Selects Incendiary Bombing Run
6-pounder Anti-tank Gun Team
Unlock M3 Grant Medium Tanks
Selects Centaur Medium Tank
Selects Naval Bombardment
6-pounder Anti-tank Gun Team
6-pounder Anti-tank Gun Team
6-pounder Anti-tank Gun Team